 Dungeon Crawl Stone Soup version 0.30.0-20-g3615ddf2f0 (webtiles) character file.

Game seed: 3768332176015366877

69 qw the Shield-Bearer (level 4, -1/28 HPs)
             Began as a Gargoyle Fighter on May 29, 2023.
             Slain by a cerulean imp
             ... wielding a +2 spear
             ... summoned by Natasha
              (4 damage)
             ... on level 2 of the Dungeon.
             The game lasted 00:00:33 (973 turns).

qw the Shield-Bearer (Gargoyle Fighter)              Turns: 973, Time: 00:00:33

Health: -1/28      AC: 12    Str: 21    XL:     4   Next: 20%
Magic:  4/4        EV:  6    Int:  9    God:
Gold:   2          SH:  8    Dex:  9    Spells: 3/3 levels left

rFire   . . .        Y - +0 war axe
rCold   . . .        m - +0 kite shield
rNeg    + . .        q - +0 chain mail
rPois   inf          (no helmet)
rElec   +            (no cloak)
rCorr   .            (no gloves)
SInv    .            (no boots)
Will    .....        (no amulet) Stlth
                     (no ring)
HPRegen 0.24/turn    (no ring)
MPRegen 0.09/turn

%: no passive effects
@: no status effects
A: sickness immunity, AC +3, negative energy resistance 1, electricity
resistance, torment resistance 1, petrification resistance
a: no special abilities


You were on level 2 of the Dungeon.
You visited 1 branch of the dungeon, and saw 2 of its levels.

You collected 58 gold pieces.
You spent 56 gold pieces at shops.


Innate Abilities, Weirdness & Mutations

You are immune to sickness and miasma.
Your stone body is resilient. (AC +3)
You are immune to poison.
You resist negative energy. (rN+)
You are resistant to electric shocks. (rElec)
You are resistant to unholy torment.
You are immune to petrification.


   Skills:
 - Level 3.2 Fighting
 + Level 3.1 Axes
 - Level 3.2 Armour
 - Level 4.4 Shields


You had 3 spell levels left.
You didn't know any spells.
Your spell library was empty.

Inventory:

Hand Weapons
 Y - a +0 war axe (weapon)
Armour
 g - a +0 cloak
 m - a +0 kite shield (worn)
 q - a +0 chain mail (worn)
Scrolls
 a - 4 scrolls of identify
 b - a scroll of magic mapping {unknown}
 c - a scroll of vulnerability {unknown}
Potions
 d - 2 potions of might
 e - a potion of attraction {unknown}
 f - a potion of resistance {unknown}
 i - a potion of curing {unknown}
 j - a potion of brilliance {unknown}
 k - a potion of haste {unknown}
 l - 2 potions of mutation {unknown}
 o - a potion of lignification {unknown}
 p - a potion of cancellation {unknown}

Dungeon Overview and Level Annotations

Branches:
Dungeon (2/15)

Altars:

Shops:
D:1 [   D:2 ?[

Annotations:
D:2 Natasha


Message History

The cerulean imp barely misses you.
The adder zombie bites you but does no damage.
You barely miss the adder zombie.
The adder zombie is heavily damaged.
You closely miss Natasha.
The cerulean imp hits you but does no damage.
Natasha extends her claws.
You block Natasha's attack.
The adder zombie bites you but does no damage.
The cerulean imp closely misses you.
Natasha mewls in sadness.
You block Natasha's attack.
You hit the adder zombie.
The adder zombie is heavily damaged.
You closely miss Natasha. The adder zombie bites you.
The cerulean imp hits you from afar with a +2 spear.
Natasha casts a spell at you.
The magic dart hits you but does no damage.
You block the adder zombie's attack.
You barely miss the adder zombie.
The adder zombie is heavily damaged.
You closely miss Natasha. The adder zombie bites you.
The cerulean imp hits you but does no damage.
Natasha claws you but does no damage. The adder zombie bites you.
The cerulean imp hits you but does no damage.
Natasha claws you but does no damage.
You closely miss the adder zombie.
The adder zombie is heavily damaged.
You hit Natasha.
The adder zombie bites you but does no damage.
Natasha barely misses you.
The cerulean imp hits you but does no damage.
You closely miss the adder zombie.
The adder zombie is heavily damaged.
You miss Natasha. The adder zombie barely misses you.
The cerulean imp hits you from afar with a +2 spear.
You die...

..........#..8.......#
......[.........#....#
.#############.....#....#
..%.%........[.########.#
.##.############ ######'#
#..P.......# .......
####.........# .......
.....P.......####.......
....PPPP........@Z58....
......#......####hZ.8P..
......#......# .......
......#......# .......
......#......# .......
......##'##### ...^...
......##.# #######
......##.# .........#


You could see Natasha, a cerulean imp (summoned), an adder zombie and a quokka
zombie.

Vanquished Creatures
  Natasha (D:2)
  A hound zombie (D:2)
  3 dart slugs
  2 endoplasms
  2 giant cockroaches (D:1)
  A goblin (D:1)
  2 quokkas (D:1)
  4 ball pythons
  A ball python zombie (D:2)
  3 bats (D:1)
  A frilled lizard (D:2)
  A jackal skeleton (D:2)
  2 kobolds (D:1)
  3 rats
27 creatures vanquished.

Notes
Turn   | Place    | Note
-------+----------+-------------------------------------------
     0 | D:1      | qw the Gargoyle Fighter began the quest for the Orb.
     0 | D:1      | Reached XP level 1. HP: 14/14 MP: 1/1
     0 | D:1      | 0 ||| qw: Version: 0.2-a-102-g2b76a06
     0 | D:1      | 0 ||| qw: Game counter: 406
     0 | D:1      | 0 ||| qw: Always use a shield: true
     0 | D:1      | 0 ||| qw: God list: Okawaru
     0 | D:1      | 0 ||| qw: Allow faded altars: false
     0 | D:1      | 0 ||| qw: Do Orc after D:15 true
     0 | D:1      | 0 ||| qw: Do second Lair branch before Depths: true
     0 | D:1      | 0 ||| qw: Lair rune preference: random
     0 | D:1      | 0 ||| qw: Plans: Normal, Zot:1-4, Slime:5, God:TSO, Crypt,
                  | Tomb, Pan, Hells, Abyss, Win
     0 | D:1      | 0 ||| PLANNING D:1-11
   102 | D:1      | Reached XP level 2. HP: 19/19 MP: 2/2
   120 | D:1      | 120 ||| FLEEEEING.
   213 | D:1      | 213 ||| Stepping ~*~*~tactically~*~*~ (hiding).
   459 | D:1      | Found Guku's Armour Boutique.
   466 | D:1      | 466 ||| SHOPLISTING +1 cloak of stealth (214 gold, have
                  | 42).
   466 | D:1      | 466 ||| SHOPLISTING +1 fire dragon scales (871 gold, have
                  | 42).
   466 | D:1      | 466 ||| SHOPLISTING +2 hat (208 gold, have 42).
   744 | D:1      | 744 ||| UPGRADING to +0 kite shield.
   754 | D:1      | 754 ||| DROPPING +0 buckler.
   755 | D:1      | 755 ||| UPGRADING to +0 chain mail.
   765 | D:1      | 765 ||| DROPPING +0 scale mail.
   766 | D:1      | 766 ||| READING scroll labelled NUGGIR QYASCHY.
   767 | D:1      | 767 ||| READING scroll labelled BUATRE KIEHANE.
   768 | D:1      | 768 ||| READING scroll labelled ANUECR ET SEO.
   799 | D:2      | Found Soj Cuqos's Armour Emporium.
   799 | D:2      | Found Bethrucri's Magic Scroll Boutique.
   804 | D:2      | Reached skill level 3 in Axes
   824 | D:2      | Reached XP level 3. HP: 18/23 MP: 3/3
   860 | D:2      | 860 ||| BUYING scroll of identify (28 gold).
   860 | D:2      | Bought a scroll of identify for 28 gold pieces
   860 | D:2      | 860 ||| BUYING scroll of identify (28 gold).
   860 | D:2      | Bought a scroll of identify for 28 gold pieces
   860 | D:2      | 860 ||| SHOPLISTING scroll of teleportation (42 gold, have
                  | 2).
   878 | D:2      | Noticed Natasha
   879 | D:2      | 879 ||| Stepping ~*~*~tactically~*~*~ (hiding).
   883 | D:2      | Killed Natasha
   884 | D:2      | Reached skill level 4 in Shields
   884 | D:2      | Reached XP level 4. HP: 26/28 MP: 4/4
   895 | D:2      | 895 ||| SHOPLISTING +0 cloak (58 gold, have 2).
   895 | D:2      | 895 ||| SHOPLISTING +0 storm dragon scales (1040 gold, have
                  | 2).
   895 | D:2      | 895 ||| SHOPLISTING +2 plate armour of willpower (520 gold,
                  | have 2).
   960 | D:2      | Noticed Natasha
   970 | D:2      | HP: 6/28 [cerulean imp/+2 spear[Natasha] (4)]
   973 | D:2      | Slain by a cerulean imp

Levels and vault maps discovered:
D:1:      dpeg_arrival_houses_and_road, layout_basic, serial_shops, shop,
          minmay_worlds_worst_comb
D:2:      layout_basic, serial_undead, serial_undead_b, serial_undead_b,
          serial_undead_a, serial_undead_d, serial_undead_c, serial_undead_e,
          serial_undead_d, serial_shops, shop, nicolae_shop_stone,
          minmay_cupped, uniq_natasha

Skill      XL: |  1  2  3 |
---------------+----------+-----
Axes           | 2 3 |  3.1
Shields        | 4 |  4.4
Fighting       | |  3.2
Armour         | |  3.2

Action                     |  1- 3 |  4- 6 || total
---------------------------+-------+-------++-------
  Melee: War axe           |    57 |    19 ||    76
    Use: Scroll            |     3 |       ||     3
 Armour: Scale mail        |    34 |       ||    34
         Chain mail        |    11 |    21 ||    32
  Dodge: Dodged            |    20 |     6 ||    26
  Block: Buckler           |     2 |       ||     2
         Kite shield       |     2 |    13 ||    15

Table legend:
 A = Non-vault XP
 B = Vault XP
 C = Vault XP percentage of total XP
 D = Non-vault monster count
 E = Vault monster count
 F = Vault count percentage of total count
                 A         B        C        D         E       F
            +---------+---------+-------+---------+---------+-------
      Total |      38 |      61 |  61.6 |      21 |       6 |  22.2
            +---------+---------+-------+---------+---------+-------
        D:1 |      24 |       4 |  14.3 |      15 |       2 |  11.8
        D:2 |      14 |      57 |  80.3 |       6 |       4 |  40.0
            +---------+---------+-------+---------+---------+-------
